 Dungeon Crawl Stone Soup version 0.31-a0-844-gdc52ec4e09 (webtiles) character file.

Game seed: 4552712120608636023

521 BinkBink the Shield-Bearer (level 7, -3/49 HPs)
             Began as an Octopode Fighter on Sept 29, 2023.
             Slain by a lemure (7 damage)
             ... led by Pikel
             ... on level 5 of the Dungeon.
             The game lasted 00:07:48 (3458 turns).

BinkBink the Shield-Bearer (Octopode Fighter)       Turns: 3458, Time: 00:07:48

Health: -3/49      AC:  1    Str: 16    XL:     7   Next: 21%
Magic:  0/7        EV: 14    Int: 10    God:
Gold:   50         SH:  5    Dex: 13    Spells: 6/6 levels left

rFire   + . .        a - +0 rapier
rCold   . . .        b - +0 buckler
rNeg    . . .        (helmet restricted)
rPois   +            p - amulet of guardian spirit
rElec   .            s - ring of poison resistance
rCorr   .            t - ring of protection from fire
SInv    .            (no ring)
Will    .....        (no ring)
Stlth   ++           (no ring)
HPRegen 0.28/turn    (no ring)
MPRegen 0.10/turn    (no ring)
                     (no ring)

%: guardian spirit
@: hasted, very quick
A: almost no armour, amphibious, 8 rings, camouflage 1, gelatinous body 1,
(nimble swimmer 1), tentacles
a: no special abilities


You were on level 5 of the Dungeon.
You visited 1 branch of the dungeon, and saw 5 of its levels.

You collected 210 gold pieces.
You spent 160 gold pieces at shops.

Inventory:

Hand Weapons
 a - a +0 rapier (weapon)
Armour
 b - a +0 buckler (worn)
Jewellery
 p - an amulet of guardian spirit (around mantle)
 s - a ring of poison resistance (left tentacle)
 t - a ring of protection from fire (right tentacle)
Talismans
 k - a blade talisman
Scrolls
 d - a scroll of fear {unknown}
 e - a scroll of blinking {unknown}
 g - 2 scrolls of identify {unknown}
 h - a scroll of noise {unknown}
 i - a scroll of vulnerability {unknown}
 n - a scroll of teleportation
 r - a scroll of immolation {unknown}
Potions
 c - a potion of might
 f - a potion of enlightenment {unknown}
 j - a potion of attraction {unknown}
 l - a potion of curing {unknown}
 m - a potion of haste
 o - a potion of heal wounds {unknown}
 q - a potion of cancellation
 u - a potion of mutation {unknown}


   Skills:
 + Level 4.6 Fighting
 + Level 4.1 Short Blades
 + Level 4.7 Dodging
 + Level 4.7 Shields


You had 6 spell levels left.
You didn't know any spells.
Your spell library contained the following spells:

 Spells                   Type           Power      Damage    Failure   Level
 Freeze                   Ice            0%         1d3       43%         1
 Slow                     Hex            0%         N/A       43%         1
 Blink                    Tloc           0%         N/A       58%         2
 Cigotuvi's Dreadful Rot  Necr/Pois/Air  0%         N/A       58%         2
 Lesser Beckoning         Tloc           0%         N/A       58%         2
 Momentum Strike          Conj/Tloc      0%         3d8       58%         2
 Confusing Touch          Hex            0%         N/A       82%         3
 Frozen Ramparts          Ice            0%         1d1       82%         3
 Hailstorm                Conj/Ice       0%         3d3       82%         3
 Sigil of Binding         Hex            0%         N/A       82%         3
 Vampiric Draining        Necr           0%         2d6       82%         3
 Dispel Undead            Necr           0%         3d6       99%         4
 Manifold Assault         Tloc           0%         N/A       99%         4
 Petrify                  Tmut/Erth      0%         N/A       99%         4
 Metabolic Englaciation   Hex/Ice        0%         N/A       100%        5
 Death Channel            Necr           0%         N/A       100%        6
 Dispersal                Tloc           0%         N/A       100%        6
 Disjunction              Tloc           0%         N/A       100%        8


Dungeon Overview and Level Annotations

Branches:
Dungeon (5/15)
 Temple: D:4-7

Altars:
Gozag
Sif Muna

Shops:
D:5 [*

Annotations:
D:5 Pikel


Innate Abilities, Weirdness & Mutations

You cannot wear most types of armour.
You are amphibious.
You can wear up to eight rings at the same time.
Your skin changes colour to match your surroundings (Stealth+).
Your rubbery body absorbs attacks. (AC +1, EV +1)
((You are camouflaged when in or above water. (Stealth+)))
You have tentacles for arms and can constrict up to eight enemies at once.


Message History

The phantom is severely damaged.
The phantom hits you!
You closely miss the phantom.
The phantom is severely damaged.
The phantom closely misses you.
You hit the phantom but do no damage.
The phantom is heavily damaged.
The phantom hits you!
The phantom blinks!
You blink.
The phantom barely misses you.
You hit the phantom. Your squeeze misses the phantom.
The phantom is severely damaged.
The phantom hits you.
You hit the phantom but do no damage.
The phantom is severely damaged.
You block the phantom's attack.
You completely miss the phantom.
You squeeze the phantom, but do no damage.
The phantom is severely damaged.
The phantom hits you.
The phantom blinks!
You blink.
You hit the phantom. Your squeeze misses the phantom.
The phantom is severely damaged.
Pikel misses you. The phantom closely misses you. The phantom hits you.
The phantom blinks!
You blink.
The phantom attacks as it pursues you! The phantom hits you.
* * * LOW HITPOINT WARNING * * *
The phantom blinks!
You blink.
The lemure hits you but does no damage. Pikel barely misses you.
As you read the scroll labelled FUXUER SEORI, it crumbles to dust.
You feel strangely unstable.
It was a scroll of teleportation.
The lemure hits you.
* * * LOW HITPOINT WARNING * * *
Pikel misses you.
It was a potion of cancellation.
You feel strangely stable.
You feel magically purged. The lemure barely misses you. x3
Pikel hits you with a +1 whip of flaming.
* * * LOW HITPOINT WARNING * * *
It was a potion of haste.
You feel yourself speed up. The lemure barely misses you. The lemure hits you!
You die...

....# .[..# .)..# ## ....## ###.
.....# ##.. .....## ..####
......# ##....
#.###.######..######## ###
..............WK@5..)## ##..#
#.###.>..#####.55#....######....#
................5..#####!......5.
..##........####..### ##.##.#..#
#.####....#.# ##...###..#....#
...##.....#.# #.....5..555###
......#...#.# ##....##.##ยง#
..##.##...... #...$##....##.#
####..#....#....######....#..


You could see Pikel, 4 lemures and a phantom.

Vanquished Creatures
  A black bear (D:5)
  2 scorpions
  An orc priest (D:4)
  A hound (D:5)
  2 iguanas
  2 orc wizards (D:4)
  4 adders
  A white imp (D:5)
  An ufetubus (D:5)
  2 dart slugs (D:1)
  7 orcs
  9 bats
  10 endoplasms
  7 giant cockroaches
  4 goblins (D:2)
  5 hobgoblins
  7 jackals
  2 quokkas
  7 ball pythons
  7 frilled lizards
  9 kobolds
  4 rats
95 creatures vanquished.

Notes
Turn   | Place    | Note
-------+----------+-------------------------------------------
     0 | D:1      | BinkBink the Octopode Fighter began the quest for the Orb.
     0 | D:1      | Reached XP level 1. HP: 16/16 MP: 1/1
   188 | D:1      | Reached XP level 2. HP: 20/21 MP: 2/2
   523 | D:1      | Reached XP level 3. HP: 19/26 MP: 3/3
  1142 | D:2      | Reached XP level 4. HP: 29/31 MP: 4/4
  1467 | D:2      | Found a faded altar of an unknown god.
  2445 | D:3      | Reached XP level 5. HP: 34/37 MP: 5/5
  2464 | D:3      | Found an opulent altar of Gozag.
  2814 | D:4      | Reached XP level 6. HP: 41/43 MP: 6/6
  2952 | D:4      | Found a shimmering blue altar of Sif Muna.
  3168 | D:5      | Entered Level 5 of the Dungeon
  3170 | D:5      | Found Repryshro's Assorted Antiques.
  3176 | D:5      | Found Nahigu's Armour Emporium.
  3188 | D:5      | Bought a glowing onyx ring for 160 gold pieces
  3243 | D:5      | Noticed a black bear
  3260 | D:5      | Killed a black bear
  3341 | D:5      | Reached XP level 7. HP: 47/49 MP: 5/7
  3432 | D:5      | Noticed Pikel
  3458 | D:5      | Slain by a lemure

Illustrated notes

Levels and vault maps discovered:
D:1:      dpeg_chamrin_arrival_tetris, layout_basic
D:2:      layout_basic, chequers_ecumenical_altar_twisty
D:3:      layout_basic, marbit_many_paths
D:4:      layout_rooms, overflow_temple_1_default, nrook_loot_triangle
D:5:      layout_rooms, serial_shops, shop, shop, nicolae_diamond_shop,
          minmay_statues_item, minmay_misc_feat_tower, uniq_pikel

Skill      XL: |  1  2  3  4  5  6 |
---------------+-------------------+-----
Short Blades   | 3 4 |  4.1
Dodging        | 4 |  4.7
Shields        | 4 |  4.7
Fighting       | 4 |  4.6

Action                     |  1- 3 |  4- 6 |  7- 9 || total
---------------------------+-------+-------+-------++-------
  Melee: Rapier            |    88 |   119 |    25 ||   232
         Constrict         |    20 |    36 |     1 ||    57
         Tentacles         |    10 |    22 |     6 ||    38
         Punch             |     2 |     5 |     2 ||     9
    Use: Potion            |       |       |     2 ||     2
         Scroll            |       |       |     1 ||     1
   Stab: Sleeping          |     6 |     6 |       ||    12
         Distracted        |       |     1 |       ||     1
 Armour: Skin              |    46 |    51 |    19 ||   116
  Dodge: Dodged            |    59 |    85 |    17 ||   161
  Block: Buckler           |    14 |    29 |     7 ||    50

Table legend: (Time is in decaauts)
 A = Elapsed time spent in this place.
 B = Non-inter-level travel time spent in this place.
 C = Inter-level travel time spent in this place.
 D = Time resting spent in this place.
 E = Time spent auto-exploring this place.
 F = Levels seen in this place.
 G = Mean time per level.
                   A        B        C        D        E       F      G
               +--------+--------+--------+--------+--------+-----+--------+
         Total |   3482 |   3272 |    210 |     21 |   2443 |   5 |  696.4 |
       Dungeon |   3482 |   3272 |    210 |     21 |   2443 |   5 |  696.4 |
               +--------+--------+--------+--------+--------+-----+--------+

Top non-repeatable levels by time:
     D:1: 920 daAuts
     D:3: 903 daAuts
     D:2: 875 daAuts
     D:4: 492 daAuts
     D:5: 290 daAuts
